AoeStats
← 凉拌皮蛋

Arabia

504966281Analyzed
1v1 RM · 25d ago on Sep 7, 2026· 24m 44s· 2 players
Game mode
Random Map
Map size
Tiny (2 player)
Population
200
Speed
Normal
Resources
Standard
Victory
Conquest
Starting age
Dark Age
Ending age
Imperial Age
RankedLock teamsTeams togetherTeam positionsShared explorationLock speedFull tech treeHidden civsTurbo modeCheats
Victory
Defeat
🇨🇳 Khitans · China
1267
+14
🇦🇺 Magyars · Australia
1220
-14
ConditionZero
6:33 Loom
9:24 Feudal Age
10:55 Double-Bit Axe
15:41 Horse Collar
18:13 Scale Barding Armor
24:27 Castle Age
22:38 Gold Mining
凉拌皮蛋
6:41 Loom
9:06 Feudal Age
11:48 Domestication
15:31 Forging
16:07 Wheelbarrow
16:26 Scale Barding Armor
20:39 Castle Age
18:51 Gold Mining
18:58 Fletching
19:05 Fletching
20:07 Padded Archer Armor
20:13 Padded Archer Armor
20:45 Heavy Cavalry Archer
20:48 Light Cavalry
22:19 Bodkin Arrow
23:10 Husbandry
Connection lost

Rejoining the realm…

Still unreachable

The connection could not be restored.

Session expired

The server has moved on; the page needs a fresh start.